[Event "XI Paracin Festival 2018"]
[Site "Paracin"]
[Date "2018.07.13"]
[Round "9"]
[White "Omorjan, Dejan"]
[Black "Nestorovic, Dejan"]
[Result "0-1"]
[ECO "E16"]
[WhiteElo "2292"]
[BlackElo "2341"]
[Annotator "NA"]
[PlyCount "38"]
[EventDate "2018.07.06"]
[EventType "swiss"]
[EventCountry "SRB"]
[SourceTitle "playchess.com"]
[Source "ChessBase"]
[SourceQuality "1"]
[TimeControl "5400+30"]

1. d4 Nf6 2. c4 e6 3. Nf3 Bb4+ 4. Bd2 Qe7 5. g3 Nc6 6. Bg2 Bxd2+ 7. Nbxd2 d6 8. O-O a5 9. e4 e5 10. d5 Nb8 11. Ne1 h5 12. h4 Bg4 13. f3 {[%emt 0:01:51] E11: Bogo-Indian} Bd7 14. Nd3 O-O (14... Na6 15. Qe2 b6 16. b3 Nc5 17. a3 Nh7 18. Nxc5 bxc5 19. Qe3 O-O 20. Kh2 g6 {0-1 (55) Muzychuk,M (2520)-Nabaty,T (2579) Caleta 2015}) 15. Rc1 $146 ({Predecessor:} 15. b3 c6 16. Rc1 Na6 17. a3 Rfc8 18. dxc6 bxc6 19. Qe2 Rab8 20. c5 Nxc5 21. Nxc5 dxc5 {0-1 (34) Matthiesen,M (2370)-Kollars,D (2429) Aarhus 2016}) 15... Na6 16. Qe2 c6 17. Qe3 Rfc8 18. a3 a4 19. Nb1 $11 c5 0-1

[Event "XI Paracin Festival 2018"]
[Site "Paracin"]
[Date "2018.07.13"]
[Round "9"]
[White "Cvetkovic, Nemanja"]
[Black "Kulkarni, Chinmay"]
[Result "0-1"]
[ECO "D12"]
[WhiteElo "2278"]
[BlackElo "2336"]
[Annotator "NA"]
[PlyCount "66"]
[EventDate "2018.07.06"]
[EventType "swiss"]
[EventCountry "SRB"]
[SourceTitle "playchess.com"]
[Source "ChessBase"]
[SourceQuality "1"]
[TimeControl "5400+30"]

1. d4 d5 2. c4 c6 3. Nf3 Nf6 4. e3 Bf5 5. Nc3 e6 6. Bd3 Bxd3 7. Qxd3 Be7 8. O-O O-O 9. b3 Nbd7 10. Bb2 Qa5 11. e4 dxe4 12. Nxe4 Rad8 13. Rfd1 Rfe8 14. Rd2 e5 15. Bc3 Qb6 16. Nxf6+ Bxf6 17. Re1 h6 18. Kf1 exd4 19. Rxe8+ Rxe8 20. Bxd4 Nc5 21. Qf5 Bxd4 22. Rxd4 Qa5 23. g3 g6 24. Qf6 Ne4 25. Qf4 g5 26. Qg4 Nf6 27. Qh3 Kg7 28. Kg2 Re2 29. Qc8 Qxa2 30. Qf5 Rxf2+ 31. Kg1 Rg2+ 32. Kh1 Qf2 33. Qd3 g4 0-1

[Event "XI Paracin Festival 2018"]
[Site "Paracin"]
[Date "2018.07.13"]
[Round "9"]
[White "Bratkovic, Jakob"]
[Black "Ozen, Bahadir"]
[Result "1/2-1/2"]
[ECO "B06"]
[WhiteElo "2253"]
[BlackElo "2317"]
[Annotator "NA"]
[PlyCount "103"]
[EventDate "2018.07.06"]
[EventType "swiss"]
[EventCountry "SRB"]
[SourceTitle "playchess.com"]
[Source "ChessBase"]
[SourceQuality "1"]
[TimeControl "5400+30"]

1. e4 g6 2. d4 Bg7 3. Nc3 c6 4. h3 d5 5. Nf3 Nh6 6. Bf4 f6 7. exd5 cxd5 8. Nb5 Na6 9. c4 O-O 10. cxd5 Qxd5 11. Nc3 Qf5 12. Qd2 g5 13. Be3 Nf7 14. Bd3 Qa5 15. O-O e6 16. a3 h6 17. b4 Qd8 18. Qa2 Nc7 19. Bc4 Nd6 20. Bb3 b6 21. Rad1 Kh8 22. Rfe1 Re8 23. Bc1 Qd7 24. Ne5 Qd8 25. Ne4 Kg8 26. d5 exd5 27. Rxd5 Nxd5 28. Bxd5+ Kh7 29. Bxa8 Rxe5 30. Bb2 Re8 31. Rd1 Re6 32. Bd5 Qe7 33. Bxe6 Bxe6 34. Qb1 Bf5 35. f3 Nxe4 36. fxe4 Bxe4 37. Re1 f5 38. Qa1 Bf8 39. Bf6 Qc7 40. Be5 Qc2 41. Qb2 Qc6 42. Rc1 Qd5 43. Rc8 Qd1+ 44. Kh2 Bd6 45. Bxd6 Qxd6+ 46. Kg1 Kg6 47. Qc3 Qd1+ 48. Kf2 Qh1 49. Qg3 Kh5 50. Rg8 Qd1 51. Qc3 Qh1 52. Qg3 1/2-1/2

[Event "XI Paracin Festival 2018"]
[Site "Paracin"]
[Date "2018.07.13"]
[Round "9"]
[White "Peycheva, Gergana"]
[Black "Brankovic, Dejan"]
[Result "1-0"]
[ECO "A67"]
[WhiteElo "2157"]
[BlackElo "2377"]
[Annotator "NA"]
[PlyCount "97"]
[EventDate "2018.07.06"]
[EventType "swiss"]
[EventCountry "SRB"]
[SourceTitle "playchess.com"]
[Source "ChessBase"]
[SourceQuality "1"]
[TimeControl "5400+30"]

1. d4 Nf6 2. c4 c5 3. d5 e6 4. Nc3 exd5 5. cxd5 d6 6. e4 g6 7. f4 Bg7 8. Bb5+ Nfd7 9. Bd3 O-O 10. Nf3 Na6 11. O-O Nc7 12. a4 a6 13. Be3 Nf6 14. h3 Rb8 15. a5 Re8 16. Bf2 b5 17. axb6 Rxb6 18. Qd2 Bb7 19. Rfe1 Rb4 20. Rad1 Qb8 21. Bb1 Ba8 22. e5 Rxb2 23. Qc1 Nd7 24. exd6 Rxe1+ 25. Nxe1 Ne8 26. Na4 Rxf2 27. Kxf2 Qb4 28. Bc2 Nxd6 29. Nf3 Qc4 30. Qd2 Nf6 31. Qd3 Qxf4 32. Nxc5 Bxd5 33. Kg1 Nf5 34. Bb3 Ne3 35. Rd2 Bf8 36. Nd7 Nxd7 37. Bxd5 Bc5 38. Kh1 Nf6 39. Qc3 Nf1 40. Qxc5 Nxd2 41. Bxf7+ Kxf7 42. Ng5+ Ke8 43. Qc6+ Nd7 44. Qe6+ Kd8 45. Qg8+ Ke7 46. Qe6+ Kf8 47. Nxh7+ Kg7 48. Qxd7+ Kh6 49. Nf8 1-0

[Event "XI Paracin Festival 2018"]
[Site "Paracin"]
[Date "2018.07.13"]
[Round "9"]
[White "Tugstumur, Yesuntumur"]
[Black "Asadli, Vugar"]
[Result "1/2-1/2"]
[ECO "E15"]
[WhiteElo "2116"]
[BlackElo "2478"]
[Annotator "ChessBase"]
[PlyCount "75"]
[EventDate "2018.07.06"]
[EventType "swiss"]
[EventCountry "SRB"]
[SourceTitle "playchess.com"]
[Source "ChessBase"]
[SourceQuality "1"]
[TimeControl "5400+30"]

1. d4 Nf6 2. c4 e6 3. Nf3 b6 4. g3 Ba6 5. Qc2 c5 6. d5 exd5 7. cxd5 g6 8. e4 Bg7 9. Bxa6 Nxa6 10. Qc4 Qc8 11. Nc3 Nb4 12. O-O O-O 13. e5 b5 14. Nxb5 Nfxd5 15. a3 Nb6 16. Qf4 Nd3 17. Qe4 c4 18. a4 Qc6 19. Qxc6 dxc6 20. Nbd4 Rac8 21. a5 Nd7 22. Ra4 N7xe5 23. Nxe5 Nxe5 24. Nc2 Rfd8 25. Na3 Rd5 26. a6 c5 27. Nxc4 Rc6 28. b3 Nd3 29. Be3 h5 30. Rd1 Bc3 31. Kf1 Nb4 32. Rxd5 Nxd5 33. Ke2 Nc7 34. Kd3 Bf6 35. Na5 Rxa6 36. Bxc5 Ne6 37. Be3 Rd6+ 38. Ke4 1/2-1/2